 Dungeon Crawl Stone Soup version 0.22-a0-161-g198051c (webtiles) character file.

1794 wolfsongas the Grappler (level 8, 0/124 HPs)
             Began as a Troll Monk on Feb 11, 2018.
             Succumbed to a gnoll's poison
             ... on level 6 of the Dungeon.
             The game lasted 00:08:04 (4793 turns).

wolfsongas the Grappler (Troll Monk)                Turns: 4793, Time: 00:08:04

Health: 0/124      AC: 24    Str: 22    XL:     8   Next: 82%
Magic:  7/7        EV:  1    Int:  6    God:
Gold:   283        SH:  0    Dex: 12    Spells: 7/7 levels left

rFire    . . .     SeeInvis .     - Unarmed
rCold    . . .     Gourm    +   (no shield)
rNeg     + + +     Faith    .   (armour currently unavailable)
rPois    +         Spirit   .   (helmet currently unavailable)
rElec    .         Reflect  .   (cloak currently unavailable)
rCorr    .         Harm     .   (gloves unavailable)
MR       .....     NoTele   +   (boots unavailable)
Stlth    ++........             i - amulet of the acrobat
HPRegen  0.70/turn              j - ring of wizardry
MPRegen  0.10/turn              (no ring)

@: lethally poisoned (0 -> -20), tree-form
A: large, unfitting armour, fast metabolism 3, gourmand, regeneration 1
a: no special abilities


You were on level 6 of the Dungeon.
You were completely stuffed.
You were a tree.
You visited 1 branch of the dungeon, and saw 6 of its levels.

You collected 283 gold pieces.

Inventory:

Armour
 a - a +0 robe (melded)
Jewellery
 i - an amulet of the acrobat (around neck)
 j - a ring of wizardry (left branch)
Scrolls
 d - a scroll of magic mapping
 e - 5 scrolls of remove curse
 g - 2 scrolls of teleportation
 k - a scroll of identify
 l - 2 scrolls of enchant weapon
Potions
 c - 2 potions of brilliance
Comestibles
 b - 12 rations
 m - 11 chunks of flesh


   Skills:
 + Level 6.0 Fighting
 - Level 2.4 Dodging
 - Level 1.0 Stealth
 * Level 9.8 Unarmed Combat


You had 7 spell levels left.
You didn't know any spells.

Dungeon Overview and Level Annotations

Branches:
Dungeon (6/15)
 Temple: D:4-7

Altars:
Ashenzari
The Shining One

Shops:
D:6 (


Innate Abilities, Weirdness & Mutations

You are too large for most types of armour.
((You have claws for hands.))
Your metabolism is lightning-fast.
You like to eat raw meat.
Your natural rate of healing is unusually fast.
((You are covered in fur. (AC +1)))
((You have very tough skin. (AC +2)))


Message History

You cannot move.
Okay, then.
As you read the scroll of fear, it crumbles to dust.
You assume a fearsome visage.
The gnoll looks frightened!
* * * LOW HITPOINT WARNING * * *
You feel very sick.
There is a lethal amount of poison in your body!
Okay, then.
Okay, then.
Sorry, you're not good enough to have a special ability.
Okay, then.
You're too full to eat anything.
There is a lethal amount of poison in your body!
* * * LOW HITPOINT WARNING * * *
You feel very sick.
* * * LOW HITPOINT WARNING * * *
You feel very sick.
* * * LOW HITPOINT WARNING * * *
You feel very sick.
You die...

#############.#
#.# #.# ## #<#
.# ###
.########
#######
.........
#...".#
#########
###÷###.#####
#.#.#.#.♣)....#
#...†..)#####g#
## #.......#.#
.. #########.#
## #...<.....#
#.######### #.#
#.# #.#


You could see a gnoll (fleeing).

Vanquished Creatures
  A hippogriff (D:6)
  An ice beast (D:5)
  A centaur (D:6)
  A sky beast (D:5)
  A necrophage (D:5)
  2 ogres
  Blork the orc (D:6)
  A gnoll sergeant (D:6)
  A howler monkey (D:6)
  3 hounds
  A jelly (D:5)
  2 centaur skeletons
  An orc priest (D:5)
  A bullfrog skeleton (D:6)
  An iguana (D:4)
  9 orc wizards
  4 worker ants (D:5)
  A killer bee zombie (D:5)
  2 hound skeletons
  A worker ant zombie (D:6)
  10 gnolls
  5 adders
  2 shadow imps
  An ooze (D:1)
  An adder zombie (D:5)
  An adder skeleton (D:5)
  6 worms
  3 dart slugs
  2 leopard geckos (D:6)
  18 orcs
  4 bats
  A giant cockroach (D:3)
  9 hobgoblins
  8 jackals
  4 quokkas
  5 frilled lizards
  8 goblins
  3 kobolds
  A quokka zombie (D:6)
  10 rats
138 creatures vanquished.

Notes
Turn   | Place    | Note
-------+----------+-------------------------------------------
     0 | D:1      | wolfsongas the Troll Monk began the quest for the Orb.
     0 | D:1      | Reached XP level 1. HP: 22/22 MP: 0/0
   215 | D:1      | Reached XP level 2. HP: 28/29 MP: 1/1
   808 | D:1      | Reached XP level 3. HP: 36/36 MP: 2/2
  1142 | D:2      | Reached skill level 4 in Unarmed Combat
  1362 | D:2      | Reached XP level 4. HP: 45/45 MP: 3/3
  1940 | D:3      | Reached skill level 5 in Unarmed Combat
  1940 | D:3      | Reached XP level 5. HP: 16/53 MP: 4/4
  2588 | D:3      | Reached XP level 6. HP: 62/62 MP: 5/5
  2801 | D:4      | Reached skill level 6 in Unarmed Combat
  2865 | D:4      | Found a glowing golden altar of the Shining One.
  3323 | D:4      | Found a shattered altar of Ashenzari.
  3425 | D:5      | Entered Level 5 of the Dungeon
  3443 | D:5      | Reached XP level 7. HP: 43/71 MP: 6/6
  3511 | D:5      | Reached skill level 7 in Unarmed Combat
  4054 | D:5      | Reached skill level 5 in Fighting
  4054 | D:5      | Reached skill level 8 in Unarmed Combat
  4179 | D:5      | Reached XP level 8. HP: 80/80 MP: 7/7
  4559 | D:6      | Noticed a hippogriff
  4565 | D:6      | Killed a hippogriff
  4565 | D:6      | Reached skill level 9 in Unarmed Combat
  4598 | D:6      | Noticed Blork the orc
  4607 | D:6      | Killed Blork the orc
  4658 | D:6      | Found Qiddow's Weapon Shoppe.
  4791 | D:6      | HP: 5/124 [poisoned by a gnoll]
  4792 | D:6      | HP: 2/124 [poisoned by a gnoll]
  4793 | D:6      | Succumbed to a gnoll's poison

Vault maps used:
D:1:      dpeg_arrival_ternary, dk_noncrumbling_4, minmay_shallow_snake_nest
D:4:      nicolae_tso_swordbearing_angel, first_ration, evilmike_ruin_ashenzari
D:6:      serial_shops, shop, uniq_blork_the_orc

Skill      XL: |  1  2  3  4  5  6  7  8 |
---------------+-------------------------+-----
Unarmed Combat | 4 5 6 8 9 |  9.8
Fighting       | 3 4 5 6 |  6.0
Dodging        | |  2.4
Stealth        | |  1.0

Action                   |  1- 3 |  4- 6 |  7- 9 || total
-------------------------+-------+-------+-------++-------
Melee: Unarmed           |    96 |   121 |   174 ||   391
       Punch             |     3 |     2 |    11 ||    16
  Use: Scroll            |     6 |     3 |     4 ||    13
       Potion            |       |     5 |     3 ||     8
 Stab: Sleeping          |       |     2 |       ||     2
       Distracted        |       |       |     1 ||     1
  Eat: Chunk             |    18 |    19 |    12 ||    49
Armor: Robe              |    31 |    27 |    38 ||    96
       Skin              |       |       |     2 ||     2
Dodge: Dodged            |    41 |    73 |    81 ||   195

Table legend:
 A = Spawn XP
 B = Non-spawn XP
 C = Spawn XP percentage of total XP
 D = Spawn monster count
 E = Non-spawn monster count
 F = Spawn count percentage of total count
 G = Total turns spent on level
                    A         B        C        D         E        F      G
               +---------+---------+-------+---------+---------+-------+---------
         Total |       0 |    2563 |   0.0 |       0 |     138 |   0.0 |  4793
               +---------+---------+-------+---------+---------+-------+---------
           D:1 |       0 |      45 |   0.0 |       0 |      18 |   0.0 |  1074
           D:2 |       0 |      72 |   0.0 |       0 |      22 |   0.0 |   646
           D:3 |       0 |     297 |   0.0 |       0 |      34 |   0.0 |  1079
           D:4 |       0 |     266 |   0.0 |       0 |      11 |   0.0 |   626
           D:5 |       0 |     907 |   0.0 |       0 |      24 |   0.0 |   964
           D:6 |       0 |     976 |   0.0 |       0 |      29 |   0.0 |   404
               +---------+---------+-------+---------+---------+-------+---------
